 Dungeon Crawl Stone Soup version 0.23.0 (webtiles) character file.

Game seed: 13670526364573641661

249 Borgoz the Sneak (level 6, -3/32 (34) HPs)
             Began as a Kobold Enchanter on Feb 17, 2019.
             Slain by a necrophage (5 damage)
             ... on level 4 of the Dungeon.
             The game lasted 00:13:22 (4765 turns).

Borgoz the Sneak (Kobold Enchanter)                 Turns: 4765, Time: 00:13:23

HP:   -3/32 (34)    AC:  3    Str:  7    XL:     6   Next: 35%
MP:   10/10         EV: 21    Int: 16    God:
Gold: 148           SH:  0    Dex: 21    Spells: 8/11 levels left

rFire    + . .     SeeInvis .   a - +2 dagger
rCold    . . .     Gourm    .   (shield restricted)
rNeg     + . .     Faith    .   c - +0 leather armour
rPois    .         Spirit   .   (no helmet)
rElec    .         Reflect  .   (no cloak)
rCorr    .         Harm     .   (no gloves)
MR       .....                  (no boots)
Stlth    ++++......             (no amulet)
HPRegen  0.00/turn              f - ring of positive energy
MPRegen  0.12/turn              l - ring of protection from fire

@: agile, non-regenerating, diseased
A: small, carnivore
a: no special abilities


You were on level 4 of the Dungeon.
You were completely stuffed.

You visited 1 branch of the dungeon, and saw 4 of its levels.

You collected 148 gold pieces.

Inventory:

Hand Weapons
 a - a +2 dagger (weapon)
Missiles
 g - 2 throwing nets (quivered)
Armour
 c - a +0 leather armour (worn)
Jewellery
 f - a ring of positive energy (left hand)
 l - a ring of protection from fire (right hand)
Scrolls
 e - a scroll of teleportation
 m - 4 scrolls of remove curse
 n - 2 scrolls of blinking
Potions
 i - a potion of resistance
 o - a potion of mutation
Comestibles
 b - 4 chunks of flesh
 d - 8 rations


   Skills:
 + Level 1.6 Fighting
 + Level 3.3 Short Blades
 + Level 1.0 Armour
 + Level 3.3 Dodging
 + Level 5.3 Stealth
 + Level 3.2 Spellcasting
 + Level 3.5 Hexes
 + Level 1.3 Ice Magic


You had 8 spell levels left.
You knew the following spells:

 Your Spells              Type           Power        Failure   Level  Hunger
a - Corona                Hex            ##.....      6%          1    None
b - Ensorcelled Hibernat  Hex/Ice        ##....       14%         2    ##.....

Your spell library contained the following spells:

 Spells                   Type           Power        Failure   Level  Hunger
 Confuse                  Hex            ##......     19%         3    ###....
 Tukima's Dance           Hex            ##......     19%         3    ###....
 Dazzling Spray           Conj/Hex       #.....       36%         3    ###....


Dungeon Overview and Level Annotations

Branches:
Dungeon (4/15)
 Temple: D:4-7

Altars:
Kikubaaqudgha
Trog
Zin


Innate Abilities, Weirdness & Mutations

You are small and have problems with some larger weapons.
You are carnivorous and can eat meat at any time.


Message History

The necrophage completely misses you.
You barely miss the necrophage.
The necrophage is moderately damaged.
The necrophage hits you.
* * * LOW HITPOINT WARNING * * *
You hit the necrophage.
The necrophage is moderately damaged.
The necrophage misses you.
You hit the necrophage.
The necrophage is heavily damaged.
The necrophage misses you.
You closely miss the necrophage.
The necrophage is heavily damaged.
The necrophage completely misses you.
You hit the necrophage.
The necrophage is heavily damaged.
You hit the necrophage.
The necrophage is severely damaged.
The necrophage hits you.
You die...

#.# #.# ..
#.# .# #.#
.# #.#
.=## #.#
.#.## #.#
..#.#
#.####...#
#..@n$...#
#######..#
.# #


You could see a necrophage.

Vanquished Creatures
  A bullfrog skeleton (D:4)
  2 orc priests (D:2)
  3 adders (D:2)
  3 oozes
  6 worms (D:2)
  3 dart slugs
  2 leopard geckos (D:1)
  9 orcs
  6 bats
  A bat zombie (D:2)
  6 giant cockroaches
  6 goblins
  9 hobgoblins
  4 jackals (D:1)
  2 quokkas
  2 ball pythons (D:2)
  4 frilled lizards
  12 kobolds
  9 rats
  2 rat zombies (D:2)
92 creatures vanquished.

Notes
Turn   | Place    | Note
-------+----------+-------------------------------------------
     0 | D:1      | Borgoz the Kobold Enchanter began the quest for the Orb.
     0 | D:1      | Reached XP level 1. HP: 10/10 MP: 3/3
   207 | D:1      | Reached XP level 2. HP: 15/15 MP: 3/5
   446 | D:1      | Reached XP level 3. HP: 15/19 MP: 7/7
  1756 | D:1      | Learned a level 2 spell: Ensorcelled Hibernation
  1762 | D:2      | Reached XP level 4. HP: 22/24 MP: 3/8
  1837 | D:2      | Reached skill level 1 in Fighting
  2034 | D:2      | Found an ancient bone altar of Kikubaaqudgha.
  2071 | D:2      | Noticed a moth of wrath
  2191 | D:2      | Found a bloodstained altar of Trog.
  2619 | D:2      | Reached XP level 5. HP: 25/29 MP: 2/9
  3080 | D:2      | Reached skill level 5 in Stealth
  3394 | D:2      | Reached skill level 1 in Ice Magic
  4401 | D:2      | HP: 1/29 [orc priest/divine providence (12)]
  4414 | D:2      | Reached XP level 6. HP: 21/34 MP: 1/10
  4623 | D:3      | Found a glowing silver altar of Zin.
  4732 | D:4      | Noticed a necrophage
  4738 | D:4      | Reached skill level 1 in Armour
  4765 | D:4      | Slain by a necrophage

Skill      XL: |  1  2  3  4  5  6 |
---------------+-------------------+-----
Short Blades   | 2 3 |  3.3
Fighting       | 1 |  1.6
Spellcasting   | 3 |  3.2
Dodging        | 3 |  3.3
Stealth        | 5 |  5.3
Ice Magic      | 1 |  1.3
Armour         | 1 |  1.0
Hexes          | |  3.5

Action                   |  1- 3 |  4- 6 || total
-------------------------+-------+-------++-------
Melee: Dagger            |   179 |   278 ||   457
 Cast: Corona            |    17 |    16 ||    33
       Ensorcelled Hiber |     2 |    25 ||    27
  Use: Scroll            |     1 |     6 ||     7
       Potion            |     1 |     3 ||     4
 Stab: Sleeping          |     9 |    12 ||    21
       Distracted        |       |     1 ||     1
  Eat: Chunk             |    11 |    12 ||    23
Armor: Robe              |    25 |     5 ||    30
       Leather armour    |       |    48 ||    48
Dodge: Dodged            |   149 |   182 ||   331
